 Dungeon Sprint DCSS version 0.22.1-2-g9c5b331 (webtiles) character file.

434 wall the Protected (level 6, -3/66 HPs)
             Began as a Minotaur Fighter on Nov 24, 2018.
             Was an Initiate of Trog.
             Succumbed to Sonja's poison
             ... in the Dungeon (Sprint I: "Red Sonja").
             The game lasted 00:05:27 (386 turns).

wall the Protected (Minotaur Fighter)                Turns: 386, Time: 00:05:28

Health: -3/66      AC:  8    Str: 21    XL:     6   Next: 67%
Magic:  5/5        EV:  9    Int:  7    God:    Trog [......]
Gold:   305        SH: 11    Dex:  9    Spells: 5/5 levels left

rFire    . . .     SeeInvis .   a - +0 trident
rCold    . . .     Gourm    .   c - +0 shield
rNeg     . . .     Faith    .   b - +0 scale mail
rPois    .         Spirit   .   (helmet restricted)
rElec    .         Reflect  .   (no cloak)
rCorr    .         Harm     .   (no gloves)
MR       .....     NoTele   +   (no boots)
Stlth    ..........             (no amulet)
HPRegen  0.21/turn              (no ring)
MPRegen  0.09/turn              (no ring)

@: lethally poisoned (-3 -> -133), slowed, very slow
A: retaliatory headbutt, horns 2
a: Renounce Religion


You were in the Dungeon.
You worshipped Trog.
Trog was noncommittal.
You were not hungry.

You visited 1 branch You collected 305 gold pieces.

Inventory:

Hand Weapons
 a - a +0 trident (weapon)
 o - a +0 scythe
Armour
 b - a +0 scale mail (worn)
 c - a +0 shield (worn)
Wands
 l - a wand of digging (16)
Scrolls
 k - a scroll of blinking
 p - a scroll of identify {unknown}
Potions
 d - a potion of might
 e - a potion of curing
 g - a potion of heal wounds
 h - a potion of haste
 i - 2 potions of magic
 j - a potion of berserk rage
 n - a potion of lignification {unknown}
Comestibles
 f - a ration


   Skills:
 + Level 9.7 Fighting
 + Level 7.0 Polearms
 + Level 10.0 Armour
 + Level 1.2 Dodging
 + Level 9.8 Shields


You had 5 spell levels left.
You didn't know any spells.
Your spell library was empty.

Dungeon Overview and Level Annotations

Branches:
Dungeon (1/1)

Altars:
Cheibriados
Dithmenos
Elyvilon
Fedhas
Gozag
Hepliaklqana
Kikubaaqudgha
Nemelex Xobeh
Okawaru
Qazlal
Ru
Sif Muna
Trog
Uskayaw
Vehumet
Wu Jian
Yredelemnul
Zin
The Shining One

Shops:
D (

Annotations:
D Sonja


Innate Abilities, Weirdness & Mutations

You reflexively headbutt those who attack you in melee.
You have a pair of horns on your head.


Message History

You feel extremely sick. You block Sonja's attack.
Sonja hits you with an uncursed short sword of venom.
* * * LOW HITPOINT WARNING * * *
You are more poisoned.
Sonja hits you but does no damage.
You are more poisoned.
Sonja completely misses you. Sonja hits you but does no damage.
You are more poisoned.
Sonja hits you but does no damage.
You are more poisoned.
Sonja plants her feet in a plie.
Sonja hits you but does no damage.
You are more poisoned.
Sonja hits you but does no damage.
You are more poisoned.
Sonja hits you but does no damage.
Okay, then.
You completely miss Sonja.
You die...

#..#####'#####'#
#..####..#...#.#
#..#__####..##.#
#..#_____##'#_.+
#⌠⌠#_.∩...'.(._#
####_..__##_(#+#
#_____###(#
#########(##


+$@$+ #$K$# ##.## #+# You could see Sonja.

Vanquished Creatures
  Sigmund (D)
  A yak (D)
  An ogre (D)
  A jelly (D)
  Ijyb (D)
5 creatures vanquished.

Notes
Turn   | Place    | Note
-------+----------+-------------------------------------------
     0 | D        | wall the Minotaur Fighter began the quest for the Orb.
     0 | D        | Reached XP level 1. HP: 19/19 MP: 0/0
     2 | D        | Noticed Ijyb
    13 | D        | Killed Ijyb
    13 | D        | Reached skill level 5 in Fighting
    13 | D        | Reached skill level 5 in Armour
    13 | D        | Reached skill level 5 in Shields
    13 | D        | Reached XP level 2. HP: 29/29 MP: 1/1
    20 | D        | Noticed an ogre
    24 | D        | Killed an ogre
    24 | D        | Reached skill level 7 in Armour
    24 | D        | Reached XP level 3. HP: 29/39 MP: 2/2
    24 | D        | Reached XP level 4. HP: 35/47 MP: 3/3
   107 | D        | Noticed Sigmund
   117 | D        | Killed Sigmund
   117 | D        | Reached skill level 5 in Polearms
   117 | D        | Reached skill level 8 in Armour
   117 | D        | Reached XP level 5. HP: 49/56 MP: 4/4
   186 | D        | Found an ornate altar of the Wu Jian Council.
   186 | D        | Found a deep blue altar of Sif Muna.
   188 | D        | Found a radiant altar of Vehumet.
   192 | D        | Reached skill level 9 in Armour
   192 | D        | Reached XP level 6. HP: 58/63 MP: 5/5
   234 | D        | Found Heicuuf's Antique Weapon Emporium.
   234 | D        | Found an ancient bone altar of Kikubaaqudgha.
   234 | D        | Found a hazy altar of Hepliaklqana.
   234 | D        | Found a stormy altar of Qazlal.
   234 | D        | Found a hide-covered altar of Uskayaw.
   234 | D        | Found a blossoming altar of Fedhas.
   234 | D        | Found a bloodstained altar of Trog.
   234 | D        | Found an iron altar of Okawaru.
   234 | D        | Found a basalt altar of Yredelemnul.
   234 | D        | Found a glowing golden altar of the Shining One.
   234 | D        | Found a snail-covered altar of Cheibriados.
   234 | D        | Found a sacrificial altar of Ru.
   234 | D        | Found a glowing silver altar of Zin.
   234 | D        | Found a shadowy altar of Dithmenos.
   234 | D        | Found a white marble altar of Elyvilon.
   234 | D        | Noticed a yak
   242 | D        | Killed a yak
   242 | D        | Reached skill level 10 in Armour
   242 | D        | Reached skill level 1 in Dodging
   243 | D        | Found an opulent altar of Gozag.
   244 | D        | Found a sparkling altar of Nemelex Xobeh.
   261 | D        | Became a worshipper of Trog the Wrathful
   378 | D        | Noticed Sonja
   386 | D        | Succumbed to Sonja's poison

Skill      XL: |  1  2  3  4  5  6 |
---------------+-------------------+-----
Fighting       | 5 7 8 9 |  9.7
Polearms       | 3 4 5 6 7 |  7.0
Armour         | 5 7 8 9 10 | 10.0
Shields        | 5 6 8 9 |  9.8
Dodging        | 1 |  1.2

Action                   |  1- 3 |  4- 6 || total
-------------------------+-------+-------++-------
Melee: Trident           |    13 |    24 ||    37
       Headbutt          |     4 |     5 ||     9
Armor: Scale mail        |     3 |    16 ||    19
Dodge: Dodged            |     4 |    11 ||    15
Block: Shield            |     4 |    16 ||    20
